 Dungeon Crawl Stone Soup version 0.19.5 (webtiles) character file.

1 tidbits the Ducker (level 1, 0/14 HPs)
             Began as a High Elf Wanderer on Aug 18, 2017.
             Slain by a kobold
             ... wielding a +2 dagger of draining
              (2 damage)
             ... on level 1 of the Dungeon.
             The game lasted 00:00:37 (47 turns).

tidbits the Ducker (High Elf Wanderer)                Turns: 47, Time: 00:00:38

Health: 0/14       AC:  2    Str: 13    XL:     1   Next: 16%
Magic:  3/3        EV: 12    Int: 14    God:
Gold:   0          SH:  0    Dex: 13    Spells: 0 memorised, 0 levels left

rFire  . . .     SeeInvis .     a - +0 falchion
rCold  . . .     Gourm    .     d - +0 robe
rNeg   . . .     Faith    .     (no shield)
rPois  .         Spirit   .     (no helmet)
rElec  .         Reflect  .     (no cloak)
rCorr  .         Harm     .     (no gloves)
MR     .....                    (no boots)
Stlth  +.........               (no amulet)
                                (no ring)
                                (no ring)

@: drained
A: no striking features
a: no special abilities


You were on level 1 of the Dungeon.
You were not hungry.

You visited 1 branch of the dungeon, and saw 1 of its levels.

Inventory:

Hand Weapons
 a - a +0 falchion (weapon)
 b - a +0 short sword
 c - a +2 mace
Missiles
 e - 16 stones (quivered)
Armour
 d - a +0 robe (worn)
Comestibles
 f - a bread ration


   Skills:
 - Level 2.0(1.0) Fighting
 + Level 1.5(0.5) Long Blades
 - Level 1.5(0.6) Maces & Flails
 - Level 3.2(2.2) Dodging
   Level 2.0(1.0) Evocations


You couldn't memorise any spells.
You didn't know any spells.

Dungeon Overview and Level Annotations

Branches:
Dungeon (1/15)

Altars:


Message History

Welcome, tidbits the High Elf Wanderer.
The bosom of this dungeon contains the fabled artefact, the Orb of Zot.
Press ? for a list of commands and other information.
Found a staircase leading out of the dungeon.
Wield which item (- for none, * to show all)? (? for menu, Esc to quit)
c - a +0 falchion (weapon)
Adjust (i)tems, (s)pells, or (a)bilities?
Adjust which item? (? for menu, Esc to quit)
c - a +0 falchion (weapon)
Adjust to which letter? (? for menu, Esc to quit)
a - a +0 falchion (weapon);
c - a +2 mace As you open the door, it creaks loudly!
There is an open door here.
You open the door. You open the door.
There is an open door here.
Found 16 stones.
Found a spear.
You see here 16 stones.
e - 16 stones A kobold comes into view.
The kobold shouts!
You enter the shallow water.
Moving in this stuff is going to be slow.
You barely miss the kobold. The kobold completely misses you.
You riposte.
You hit the kobold but do no damage. The kobold misses you.
You closely miss the kobold. The kobold completely misses you.
You riposte.
You hit the kobold but do no damage. You hit the kobold but do no damage.
The kobold completely misses you.
You hit the kobold.
The kobold is moderately wounded.
The kobold closely misses you.
You riposte.
You hit the kobold.
You kill the kobold!
A kobold comes into view. It is wielding a dagger of draining.
The kobold shouts!
The kobold closely misses you.
You closely miss the kobold.
The kobold hits you with a dagger of draining.
You feel drained. The kobold closely misses you.
You riposte.
You closely miss the kobold.
Wield which item (- for none, * to show all)? (? for menu, Esc to quit)
You don't have any such object.
Wield which item (- for none, * to show all)? (? for menu, Esc to quit)
Okay, then.
Unknown command.
You hit the kobold but do no damage.
The kobold hits you with a dagger of draining.
* * * LOW HITPOINT WARNING * * *
You feel drained.
You closely miss the kobold. The kobold hits you but does no damage.
You feel drained.
You barely miss the kobold.
The kobold hits you with a dagger of draining.
* * * LOW HITPOINT WARNING * * *
You feel drained.
* * * LOW HITPOINT WARNING * * *
You closely miss the kobold.
The kobold hits you with a dagger of draining.
You die...

##....#
##.....##
#...⌠...#
#..≈≈≈..##
#..≈≈≈...#
##..≈≈≈...##
#...≈≈≈....#
#...†)...#.#
#..@K...##
#.#####.# #.
.# #. # #.


You could see a kobold.

Vanquished Creatures
  A kobold (D:1)
1 creature vanquished.

Notes
Turn   | Place    | Note
-------+----------+-------------------------------------------
     0 | D:1      | tidbits the High Elf Wanderer began the quest for the Orb.
     0 | D:1      | tidbits set off with: a +2 mace, a +0 short sword, a +0 falchion, a +0 robe, a bread ration
     0 | D:1      | Reached XP level 1. HP: 14/14 MP: 3/3
    46 | D:1      | HP: 1/14 [kobold/dagger of draining (1)]
    47 | D:1      | Slain by a kobold

Action                   || total
-------------------------++-------
Melee: Falchion          ||     9
Armor: Robe              ||     1
Dodge: Dodged            ||     7
       Rpst.: Falchion   ||     4

Table legend:
 A = Turns spent in this place as a percentage of turns spent in the entire game.
 B = Non-inter-level travel turns spent in this place as a percentage of non-inter-level travel turns spent in the entire game.
 C = Inter-level travel turns spent in this place as a percentage of turns spent in this place.
 D = Turns resting spent in this place as a percentage of non-inter-level travel turns spent in this place.
 E = Turns spent auto-exploring this place as a percentage of non-inter-level travel turns spent in this place.
 F = Non-inter-level travel turns spent in this place divided by the number of levels of this place that you've seen.
                   A       B       C       D       E      F
               +-------+-------+-------+-------+-------+----------------------
         Total | 100.0 | 100.0 |   0.0 |   0.0 |   0.0 |  55.0
       Dungeon | 100.0 | 100.0 |   0.0 |   0.0 |   0.0 |  55.0
               +-------+-------+-------+-------+-------+----------------------

Table legend:
 A = Kills in this place as a percentage of kills in entire the game.
 B = Kills by you in this place as a percentage of kills by you in the entire game.
 C = Kills by friends in this place as a percentage of kills by friends in the entire game.
 D = Other kills in this place as a percentage of other kills in the entire game.
 E = Experience gained in this place as a percentage of experience gained in the entire game.
 F = Experience gained in this place divided by the number of levels of this place that you have seen.
                   A       B       C       D       E      F
               +-------+-------+-------+-------+-------+----------------------
         Total | 100.0 | 100.0 |  -nan |  -nan | 100.0 |   2.0
       Dungeon | 100.0 | 100.0 |  -nan |  -nan | 100.0 |   2.0
               +-------+-------+-------+-------+-------+----------------------

Vault maps used:
D:1:      ncdulo_smallfort, serial_park_tiny_pond, minmay_misc_feat_nine_boxes,
          grunt_decor_mini_mirrors
